 Dungeon Crawl Stone Soup version 0.20-a0-267-g4a7ec2a (webtiles) character file.

223340 KristoblXynda the Black Belt (level 18, -1/139 HPs)
             Began as a Pale Draconian Monk on Dec 5, 2016.
             Was the Champion of Yredelemnul.
             Shot with an arrow by a deep elf master archer (25 damage)
             ... on level 3 of the Elven Halls on Dec 6, 2016.
             The game lasted 03:00:38 (41069 turns).

KristoblXynda the Black Belt (Pale Draconian Monk) Turns: 41069, Time: 03:00:40

Health: -1/139     AC: 22    Str: 14    XL:     18   Next: 12%
Magic:  0/26       EV: 22    Int: 24    God:    Yredelemnul [******]
Gold:   658        SH: 15    Dex: 14    Spells: 15/32 levels left

rFire  + . .     SeeInvis +       - Unarmed
rCold  . . .     Gourm    .     (armour unavailable)
rNeg   . . .     Faith    .     q - +2 shield {rF+}
rPois  +         Spirit   +     k - +2 hat
rElec  .         Reflect  .     J - +2 cloak
rCorr  .         Harm     .     n - +3 pair of gauntlets of War {Slay+5}
MR     +....                    F - +2 pair of boots
Stlth  +++.......               K - amulet of Polytheism {Spirit SInv}
                                c - +6 ring of intelligence
                                W - +6 ring of evasion

@: wreathed by umbra, drained
A: breathe steam, unfitting armour, hooves 2, blink, low mp 1, poison
resistance, cold-blooded, AC +10
}: 2/15 runes: decaying, serpentine
a: Breathe Steam, Blink, Recall Undead Slaves, Injury Mirror, Animate Dead,
Drain Life, Enslave Soul, Renounce Religion


You were on level 3 of the Elven Halls.
You worshipped Yredelemnul.
Yredelemnul was exalted by your worship.
You were full.

You visited 8 branches of the dungeon, and saw 36 of its levels.
You also visited: Sewer.

You collected 3635 gold pieces.
You spent 2977 gold pieces at shops.

Inventory:

Hand Weapons
 h - the +14 obsidian axe {chop, +Fly SInv *Curse}
   (You bought it in a shop on level 6 of the Dungeon)

   It inflicts extra damage upon your enemies.
   It lets you see invisible.
   It lets you fly.
   It may re-curse itself when equipped.
Missiles
 w - a throwing net (quivered)
 X - 2 javelins of returning
Armour
 k - a +2 hat (worn)
 n - the +3 pair of gauntlets of War (worn) {Slay+5}
   (You found it on level 4 of the Dungeon)

   It affects your accuracy and damage with ranged weapons and melee attacks
   (+5).
 q - a +2 shield of fire resistance (worn)
 F - a +2 pair of boots (worn)
 J - a +2 cloak (worn)
Rods
 f - a +0 iron rod (14/14)
   (You found it on level 1 of the Snake Pit)
Jewellery
 c - a +6 ring of intelligence (right hand)
 K - the amulet of Polytheism (around neck) {Spirit SInv}
   (You found it on level 10 of the Dungeon)

   [amulet of guardian spirit]

   It causes incoming damage to be split between your health and magic.
   It lets you see invisible.
 W - a +6 ring of evasion (left hand)
Wands
 p - a wand of teleportation (6/9)
 L - a wand of digging (5/24)
Scrolls
 b - 3 scrolls of silence
 d - 7 scrolls of fog
 l - 13 scrolls of remove curse
 u - 2 scrolls of fear
 x - 7 scrolls of immolation
 y - 2 scrolls of amnesia
 z - a scroll of magic mapping
 A - 8 scrolls of identify
 I - 7 scrolls of teleportation
 S - 3 scrolls of recharging
 V - a scroll of blinking
 Y - a scroll of summoning
Potions
 e - 5 potions of agility
 i - 4 potions of might
 m - 4 potions of heal wounds
 r - 3 potions of brilliance
 t - 2 potions of ambrosia
 B - 3 potions of flight
 C - 2 potions of magic
 H - 2 potions of resistance
 M - a potion of haste
 N - 2 potions of cure mutation
 R - 5 potions of curing
 T - 2 potions of berserk rage
Books
 E - Roxanne's Tome of Earth
   (You took it off Roxanne on level 2 of the Elven Halls)

   Spells                             Type                      Level
   a - Sandblast                      Earth                        1
   b - Bolt of Magma                  Conjuration/Fire/Earth       5
   c - Iron Shot                      Conjuration/Earth            6
   d - Statue Form                    Transmutation/Earth          6
Miscellaneous
 v - a fan of gales
 G - a phantom mirror
Comestibles
 a - 18 bread rations
 s - a meat ration


   Skills:
 - Level 7.0(5.8) Fighting
 - Level 8.1(6.8) Axes
 - Level 3.1(2.0) Throwing
 - Level 8.6(7.3) Dodging
 - Level 1.7(0.7) Stealth
 + Level 15.1(13.6) Shields
 - Level 15.2(13.7) Unarmed Combat
 - Level 7.8(6.5) Spellcasting
 - Level 5.2(4.0) Conjurations
 - Level 10.0(8.7) Hexes
 - Level 6.4(5.2) Charms
 - Level 5.2(4.0) Necromancy
 + Level 7.0(5.8) Fire Magic
 + Level 6.8(5.5) Air Magic
 - Level 10.1(8.7) Invocations
 - Level 7.2(6.0) Evocations


You had 15 spell levels left.
You knew the following spells:

 Your Spells              Type           Power        Failure   Level  Hunger
b - Regeneration          Chrm/Necr      ####......   4%          3    None
c - Tukima's Dance        Hex            #####...     1%          3    None
d - Deflect Missiles      Chrm/Air       ####......   97%         6    ######.
e - Fireball              Conj/Fire      ####......   34%         5    #####..


Dungeon Overview and Level Annotations

Branches:
Dungeon (15/15)            Temple (1/1) D:6            Lair (6/6) D:10
  Swamp (4/4) Lair:2        Snake (4/4) Lair:3        Slime (1/5) Lair:5
    Orc (2/2) D:11            Elf (3/3) Orc:2        Vaults (0/5) D:14
 Depths (0/5) D:15

Altars:
Ashenzari
Cheibriados
Dithmenos
Elyvilon
Fedhas
Gozag
Hepliaklqana
Kikubaaqudgha
Makhleb
Nemelex Xobeh
Okawaru
Qazlal
Ru
Sif Muna
Trog
Uskayaw
Vehumet
Xom
Yredelemnul
Zin
The Shining One
Beogh

Shops:
D:6 *   D:10 *   D:11 *   Orc:1 }?(   Orc:2 *([=   Elf:2 %   Elf:3 ?*
Snake:3 =}=

Annotations:
D:14 exclusion: oklob plant
Lair:5 exclusion: 3 oklob plants


Innate Abilities, Weirdness & Mutations

You can breathe blasts of scalding, opaque steam.
Your pale cyan-grey scales are hard. (AC +10)
You cannot fit into any form of body armour.
You are cold-blooded and may be slowed by cold attacks.
You have hoof-like feet.
You can translocate small distances at will.
Your magical capacity is low. (-10% MP)
Your system is resistant to poisons. (rPois)


Message History

The deep elf blademaster hits you with a short sword!
Your profane servitor hits the small abomination with an enchanted whip.
Your profane servitor hits the small abomination but does no damage.
Your flayed ghost misses the deep elf master archer.
The deep elf master archer shoots an arrow.
The arrow hits you!!
* * * LOW HITPOINT WARNING * * *
The small abomination barely misses your ghoul.
The deep elf sorcerer casts a spell.
You block the deep elf knight's attack.
Your ghoul barely misses the demonic crawler.
Your ghoul claws the demonic crawler!!
Your profane servitor closely misses the small abomination.
Your profane servitor hits the small abomination with an enchanted whip.
You block the deep elf blademaster's attack.
The deep elf blademaster hits you but does no damage.
The deep elf master archer shoots an arrow.
The arrow hits you!!
You die...
Your body rises from the dead as a mindless zombie. ...).eEĀ§ .r*ree .eeere xAeE

#nx# #es# #ee# #@W#
#e.#
################(.#
...................#
..........#.n...e###
...............#e#
..........###..#.##
.........<.##....e
#.)(......#.##.##


You could see 2 deep elf blademasters, 2 deep elf master archers, a deep elf
death mage, a deep elf sorcerer, a demonic crawler, a deep elf archer, 2 deep
elf knights, 2 deep elf high priests, 2 earth elementals, 4 deep elf magi, a
small abomination, a lost soul, 3 hell rats, a crawling corpse, a friendly
profane servitor, a friendly ghoul, a friendly flayed ghost and a friendly long
sword.

Vanquished Creatures
  Frances (D:13)
  Gastronok (D:9)
  A nagaraja (Snake:4)
  An orc warlord (Orc:2)
  A dire elephant (Lair:6)
  6 naga warriors
  Josephine (Snake:1)
  8 hydras
  2 centaur warriors (D:13)
  5 anacondas
  A death knight (D:12)
  An alligator (Swamp:3)
  A deep troll shaman (Lair:6)
  An orc high priest (Orc:2)
  3 death yaks (Lair:6)
  6 dancing weapons
  3 naga sharpshooters
  Sonja (D:14)
  A shock serpent (Snake:2)
  2 deep elf knights (Elf:1)
  A salamander mystic (Snake:2)
  2 skeletal warriors
  2 deep elf archers
  2 swamp dragons
  3 naga ritualists
  6 hill giants
  A shambling mangrove (Swamp:1)
  2 phantasmal warriors
  An orc knight (Orc:2)
  2 mana vipers
  15 deep elf magi
  A wolf spider zombie (D:15)
  A manticore (D:13)
  6 ugly things
  3 orc sorcerers
  4 cyclopes
  3 elephants (Lair:6)
  2 salamanders (Snake:4)
  A guardian serpent (Snake:4)
  13 black mambas
  2 gargoyles
  6 spiny frogs
  2 kobold demonologists (D:11)
  An efreet (D:13)
  6 komodo dragons
  3 rime drakes
  A yaktaur (D:15)
  2 freezing wraiths (D:12)
  9 trolls
  2 hornets (Swamp:3)
  2 tyrant leeches (Swamp:2)
  A two-headed ogre (D:14)
  2 slime creatures
  A bog body (Swamp:3)
  2 blink frogs
  4 hippogriffs
  A centaur simulacrum (D:14)
  4 wraiths
  A wyvern (D:12)
  2 redbacks (Snake:2)
  3 spriggans
  A water elemental (D:13)
  An air elemental (Elf:1)
  2 basilisks
  2 hungry ghosts (D:13)
  8 vampire mosquitoes
  28 yaks
  A steam dragon (D:11)
  A warg (Orc:2)
  3 soldier ants (Lair:4)
  6 swamp worms
  6 insubstantial wisps
  11 nagas
  15 water moccasins
  A floating eye (shapeshifter) (Elf:1)
  6 porcupines
  2 hell hounds (D:10)
  22 orc warriors
  Purgy (Sewer)
  2 swamp drakes
  3 ice beasts
  2 eyes of draining
  2 black bears
  2 phantoms
  4 sky beasts
  11 ogres
  29 wolves
  19 centaurs
  4 crocodiles
  An elf zombie (Elf:1)
  5 big kobolds
  11 bullfrogs
  A gnoll sergeant (D:5)
  4 scorpions
  10 killer bees
  3 electric eels
  10 wights
  3 howler monkeys
  8 crimson imps
  2 centaur zombies
  2 bullfrog zombies
  A quasit (D:7)
  5 jellies
  15 orc priests
  6 hounds
  3 bullfrog skeletons
  32 orc wizards
  8 iguanas
  13 worker ants
  13 gnolls
  8 adders
  5 shadow imps
  7 oozes
  An adder skeleton (D:5)
  4 worms
  3 dart slugs
  2 leopard geckos
  111 orcs
  2 ball pythons (D:6)
  6 giant cockroaches
  6 goblins
  9 hobgoblins
  14 jackals
  6 quokkas
  15 bats
  5 frilled lizards
  7 kobolds
  A leopard gecko zombie (D:6)
  A quokka skeleton (D:5)
  15 rats
  17 fungi
  A plant (Lair:4)
772 creatures vanquished.

Vanquished Creatures (collateral kills)
  Jorgrun (Swamp:4)
  A deep elf blademaster (Elf:2)
  Asterion (Elf:2)
  A quicksilver dragon (shapeshifter) (D:13)
  Agnes (Snake:2)
  A thorn hunter (Swamp:4)
  Kirke (Swamp:4)
  Roxanne (Elf:2)
  An azure jelly (Slime:1)
  7 nagarajas (Snake:4)
  Aizul (Snake:1)
  4 deep elf sorcerers (Elf:3)
  Louise (Swamp:1)
  An orc warlord (Orc:1)
  2 deep elf elementalists (Elf:3)
  2 entropy weavers (Lair:4)
  3 deep elf demonologists
  A deep elf annihilator (Elf:3)
  A yaktaur captain (D:15)
  2 deep elf high priests
  12 hydras
  13 naga warriors
  6 anacondas
  2 ghost crabs (Swamp:3)
  2 catoblepae
  7 alligators
  2 centaur warriors
  5 death yaks (Lair:6)
  A queen ant (Lair:4)
  22 dancing weapons
  2 tengu warriors (D:14)
  9 naga sharpshooters
  3 shock serpents (Snake:4)
  13 deep elf knights
  4 salamander mystics
  A hill giant (D:14)
  9 swamp dragons
  3 naga ritualists
  2 unseen horrors (D:12)
  A shambling mangrove (Swamp:3)
  2 spriggan druids
  A flayed ghost (D:13)
  3 lindwurms (Swamp:4)
  A phantasmal warrior (D:13)
  34 deep elf magi
  10 deep elf archers
  2 necromancers (Elf:1)
  12 ugly things
  3 orc knights
  5 mana vipers
  2 orc sorcerers
  2 cyclopes
  8 salamanders
  3 elephants (Lair:6)
  2 guardian serpents
  7 naga magi
  2 molten gargoyles (Elf:2)
  22 black mambas
  A rime drake (Lair:5)
  15 spiny frogs
  A centaur skeleton (D:15)
  4 komodo dragons
  2 polar bears
  4 tyrant leeches
  4 trolls
  5 hippogriffs
  7 hornets
  14 blink frogs
  9 slime creatures
  12 bog bodies
  A water elemental (Elf:2)
  3 redbacks (Snake:2)
  3 spriggans (Swamp:3)
  2 shadows
  4 wyverns
  2 vampires
  3 wraiths
  14 vampire mosquitoes
  11 yaks
  A fire elemental (Elf:2)
  2 hogs (Swamp:4)
  8 swamp worms
  A large abomination (Elf:1)
  51 nagas
  20 insubstantial wisps
  2 soldier ants (Lair:4)
  A porcupine (Lair:2)
  12 water moccasins
  12 orc warriors
  4 black bears
  6 swamp drakes
  A phantom (D:12)
  13 wolves
  3 ogres
  5 centaurs
  A crocodile (Lair:5)
  5 bullfrogs
  2 elf zombies (Elf:1)
  3 earth elementals
  A scorpion (D:12)
  A howler monkey (D:11)
  2 crimson imps
  7 orc wizards
  6 orc priests
  2 jellies (D:14)
  3 iguanas
  4 worker ants (Lair:4)
  A shadow imp (D:11)
  4 oozes (D:14)
  12 orcs
  3 briar patches (Swamp:4)
  3 bushes
  A butterfly (Lair:5)
  A crawling corpse (Elf:3)
  A fire vortex (Elf:2)
  65 fungi
  5 plants
670 creatures vanquished.

Vanquished Creatures (others)
  A profane servitor (Elf:3)
  A bone dragon (Elf:3)
  5 ghouls
  4 vampire knights
  2 naga warriors (Snake:4)
  The ghost of bear the Destroyer, a journeyman TeAE of Vehumet (D:11)
  A salamander mystic (Snake:2)
  7 skeletal warriors
  6 flayed ghosts
  A spriggan druid (Swamp:3)
  3 phantasmal warriors
  A deep elf mage (Elf:3)
  An ugly thing skeleton (D:13)
  2 salamanders
  A naga mage (Snake:4)
  2 molten gargoyles (Elf:2)
  A shock serpent zombie (Snake:4)
  2 death yak zombies (Lair:6)
  2 ghoul skeletons
  A hydra zombie (Swamp:4)
  A tyrant leech (Swamp:1)
  7 flying skulls
  3 black mamba zombies
  4 vampires
  2 wraiths
  3 humans (Swamp:4)
  8 dancing weapons
  2 nagas
  A swamp drake (Swamp:1)
  2 elf zombies
  3 swamp dragon zombies
  A lindwurm zombie (Swamp:4)
  A salamander zombie (Snake:4)
  A water moccasin zombie (Lair:6)
  An elf skeleton (Lair:6)
  4 yak zombies (Lair:6)
  A troll zombie (Orc:2)
  2 wights (D:13)
  A wolf zombie (Lair:6)
  A crimson imp (D:11)
  3 centaur zombies (D:13)
  A black bear zombie (Lair:6)
  An orc wizard (Orc:1)
  An iguana (Lair:2)
  3 human skeletons (Lair:6)
  12 naga zombies
  2 naga skeletons (Snake:4)
  A dwarf skeleton (Lair:6)
  An ogre skeleton (Orc:1)
  3 mummies
  An orc skeleton (Lair:6)
  30 orc zombies
  A fire vortex (Elf:2)
  7 fungi
  2 plants
163 creatures vanquished.

Grand Total: 1605 creatures vanquished

Notes
Turn   | Place    | Note
-------+----------+-------------------------------------------
     0 | D:1      | KristoblXynda the Draconian Monk began the quest for the Orb.
     0 | D:1      | Reached XP level 1. HP: 19/19 MP: 1/1
     1 | D:1      | Found a runed door.
   318 | D:1      | Reached XP level 2. HP: 23/26 MP: 2/2
   535 | D:1      | Gained mutation: You can translocate small distances at will. [potion of beneficial mutation]
   536 | D:1      | Gained mutation: You have large cloven feet. [potion of beneficial mutation]
   553 | D:1      | Reached XP level 3. HP: 27/31 MP: 3/3
   992 | D:2      | Reached XP level 4. HP: 28/40 MP: 4/4
  1913 | D:3      | Found a sparkling altar of Nemelex Xobeh.
  1947 | D:3      | Reached skill level 1 in Evocations
  1968 | D:3      | Reached XP level 5. HP: 37/46 MP: 5/5
  2090 | D:3      | Found a bloodstained altar of Trog.
  3050 | D:4      | Noticed an ogre
  3469 | D:4      | Killed an ogre
  3469 | D:4      | Reached skill level 5 in Unarmed Combat
  3607 | D:4      | Reached XP level 6. HP: 40/52 MP: 7/7
  4174 | D:5      | Entered Level 5 of the Dungeon
  4628 | D:5      | Noticed an ice beast
  4633 | D:5      | Killed an ice beast
  4702 | D:5      | Your scales start taking on a pale cyan-grey colour.
  4702 | D:5      | Reached XP level 7. HP: 50/59 MP: 9/9
  5092 | D:5      | Reached skill level 5 in Dodging
  5359 | D:5      | Reached skill level 1 in Shields
  5359 | D:5      | Reached skill level 5 in Evocations
  5359 | D:5      | Reached XP level 8. HP: 59/66 MP: 11/11
  5907 | D:6      | Found a glowing drain.
  5924 | Sewer    | Entered a sewer
  5947 | Sewer    | Noticed Purgy
  5952 | Sewer    | Killed Purgy
  6094 | D:6      | Found an ancient bone altar of Kikubaaqudgha.
  6098 | D:6      | Found Cidghoho's Blasphemy Boutique.
  6393 | D:6      | Found a staircase to the Ecumenical Temple.
  6414 | Temple   | Entered the Ecumenical Temple
  6577 | Temple   | Became a worshipper of Yredelemnul the Dark
  6577 | Temple   | Reached * piety under Yredelemnul
  6577 | Temple   | Reached ** piety under Yredelemnul
  6629 | D:6      | Reached skill level 1 in Invocations
  7012 | D:7      | Reached XP level 9. HP: 71/71 MP: 13/13
  7804 | D:7      | Learned a level 3 spell: Dazzling Spray
  7831 | D:7      | Gained mutation: You evolve. [mutagenic meat]
  7832 | D:7      | Gained mutation: Your system is resistant to poisons. (rPois) [mutagenic meat]
  7833 | D:7      | Gained mutation: You have a pair of small horns on your head. [mutagenic meat]
  7834 | D:7      | Lost mutation: You evolve. [mutagenic meat]
  7835 | D:7      | Gained mutation: You have hoof-like feet. [mutagenic meat]
  7931 | D:7      | Reached skill level 5 in Shields
  8007 | D:7      | Reached skill level 1 in Spellcasting
  8164 | D:7      | Lost mutation: You have a pair of small horns on your head. [mutagenic meat]
  8392 | D:7      | Reached *** piety under Yredelemnul
  8491 | D:7      | Reached skill level 5 in Invocations
  8841 | D:8      | Reached XP level 10. HP: 78/78 MP: 14/14
  9048 | D:8      | Found an opulent altar of Gozag.
  9178 | D:8      | Found a burning altar of Makhleb.
  9257 | D:8      | Received a gift from Yredelemnul (a mummy)
  9432 | D:9      | Found an iron altar of Okawaru.
  9968 | D:9      | Noticed Gastronok
 10025 | D:9      | Killed Gastronok
 10025 | D:9      | Reached skill level 10 in Unarmed Combat
 10025 | D:9      | Reached skill level 5 in Spellcasting
 10444 | D:10     | Entered Level 10 of the Dungeon
 10474 | D:10     | Found a staircase to the Lair.
 10552 | D:10     | Received a gift from Yredelemnul (a mummy)
 10644 | D:10     | Reached XP level 11. HP: 78/84 MP: 19/19
 10737 | D:10     | Found Ruaxtuc's General Store.
 11031 | D:10     | Reached **** piety under Yredelemnul
 11079 | D:10     | Got a glittering golden amulet
 11177 | D:10     | Noticed a hill giant
 11192 | D:10     | Killed a hill giant
 11287 | D:10     | Identified the amulet of Polytheism {Spirit SInv} (You found it on level 10 of the Dungeon)
 11606 | D:10     | Noticed a purple ugly thing
 11641 | D:10     | Killed a purple ugly thing
 11641 | D:10     | Reached skill level 1 in Conjurations
 11665 | Lair:1   | Entered Level 1 of the Lair of Beasts
 11774 | D:11     | Found a staircase to the Orcish Mines.
 11775 | D:11     | Noticed a hill giant
 11790 | D:11     | Killed a hill giant
 11790 | D:11     | Reached skill level 1 in Hexes
 11815 | D:11     | Noticed a hill giant
 11822 | D:11     | Killed a hill giant
 12120 | D:11     | Received a gift from Yredelemnul (a mummy)
 12269 | D:11     | Noticed bear's ghost (journeyman TeAE)
 12287 | D:11     | Killed bear's ghost
 12399 | D:11     | Received a gift from Yredelemnul (3 flying skulls)
 12438 | D:11     | Found Igofegh's Assorted Antiques.
 12441 | D:11     | Bought a scroll of identify for 68 gold pieces
 12572 | D:11     | Reached ***** piety under Yredelemnul
 12702 | D:11     | Identified a scroll of acquirement
 12748 | D:11     | Reached XP level 12. HP: 81/91 MP: 20/20
 12926 | D:12     | Noticed a centaur warrior
 12941 | D:12     | Reached skill level 5 in Conjurations
 13068 | D:12     | Received a gift from Yredelemnul (a vampire)
 13173 | D:12     | Learned a level 3 spell: Regeneration
 13263 | D:12     | Reached skill level 1 in Charms
 13313 | D:12     | Noticed a death knight
 13333 | D:12     | Killed a death knight
 13739 | D:12     | Received a gift from Yredelemnul (a wight)
 14220 | D:13     | Noticed Frances
 14246 | D:13     | Killed Frances
 14246 | D:13     | Reached skill level 10 in Shields
 14763 | D:13     | Received a gift from Yredelemnul (a wight)
 15127 | D:13     | Noticed a centaur warrior
 15148 | D:13     | Killed a centaur warrior
 15211 | D:13     | Noticed a centaur warrior
 15427 | D:13     | Killed a centaur warrior
 15445 | D:13     | Reached skill level 5 in Charms
 15550 | D:13     | Noticed a seven-headed hydra
 15564 | D:13     | Reached XP level 13. HP: 87/96 MP: 15/21
 15567 | D:13     | Received a gift from Yredelemnul (4 flying skulls)
 16384 | Lair:1   | Learned a level 3 spell: Tukima's Dance
 17088 | Lair:1   | Received a gift from Yredelemnul (a skeletal warrior)
 17467 | Lair:2   | Found a staircase to the Swamp.
 17792 | Lair:3   | Reached skill level 1 in Necromancy
 17990 | Lair:3   | Reached skill level 1 in Throwing
 18118 | Lair:3   | Found a staircase to the Snake Pit.
 18191 | Lair:3   | Received a gift from Yredelemnul (a wraith)
 19356 | Lair:4   | Noticed an entropy weaver
 19462 | Lair:4   | Received a gift from Yredelemnul (a skeletal warrior)
 19585 | Lair:4   | Noticed an entropy weaver
 19600 | Lair:4   | Killed an entropy weaver
 19615 | Lair:4   | Received a gift from Yredelemnul (a phantasmal warrior)
 19617 | Lair:4   | Killed an entropy weaver
 19920 | Lair:4   | Received a gift from Yredelemnul (a skeletal warrior)
 19923 | Lair:4   | Reached ****** piety under Yredelemnul
 20080 | Lair:4   | Received a gift from Yredelemnul (a skeletal warrior)
 20114 | Lair:4   | Reached skill level 1 in Axes
 20509 | Lair:5   | Found a staircase to the Slime Pits.
 20631 | Lair:5   | Reached XP level 14. HP: 99/104 MP: 19/22
 20842 | Lair:5   | Received a gift from Yredelemnul (a wraith)
 21193 | Lair:6   | Entered Level 6 of the Lair of Beasts
 21452 | Lair:6   | Got a coiled lapis lazuli ring
 21731 | Lair:6   | Reached skill level 5 in Necromancy
 22030 | Lair:6   | Received a gift from Yredelemnul (a ghoul)
 23203 | Orc:1    | Entered Level 1 of the Orcish Mines
 23231 | Orc:1    | Reached skill level 15 in Shields
 23441 | D:6      | Bought the cursed +14 obsidian axe {chop, +Fly SInv *Curse} for 1035 gold pieces
 23597 | Orc:1    | Found a roughly hewn altar of Beogh.
 23602 | Orc:1    | Found Xeanexat's Gadget Boutique.
 23635 | Orc:1    | Bought a fan of gales for 520 gold pieces
 23646 | Orc:1    | Found Kydwyora's Magic Scroll Emporium.
 23748 | Orc:1    | Noticed an orc warlord
 23782 | Orc:1    | Received a gift from Yredelemnul (a ghoul)
 23947 | Orc:1    | Found Turodet's Weapon Emporium.
 24021 | Orc:1    | Killed an orc warlord
 24391 | Orc:2    | Entered Level 2 of the Orcish Mines
 24446 | Orc:2    | Reached skill level 5 in Axes
 24457 | Orc:2    | Reached skill level 5 in Hexes
 24532 | Orc:2    | Noticed an orc warlord
 24672 | Orc:2    | Found a staircase to the Elven Halls.
 24732 | Orc:2    | Received a gift from Yredelemnul (a flayed ghost)
 24770 | Orc:2    | Found a roughly hewn altar of Beogh.
 24965 | Orc:2    | Paralysed by an orc sorcerer for 6 turns
 25166 | Orc:2    | Paralysed by an orc sorcerer for 7 turns
 25421 | Orc:2    | Received a gift from Yredelemnul (a vampire knight)
 25440 | Orc:2    | Killed an orc warlord
 25549 | Orc:2    | Found a roughly hewn altar of Beogh.
 25552 | Orc:2    | Found Ythric's General Store.
 25563 | Orc:2    | Found Vosaav's Antique Armour Shoppe.
 25568 | Orc:2    | Found Xogip's Jewellery Shoppe.
 25593 | Orc:2    | Bought a runed hat for 320 gold pieces
 25626 | Orc:2    | Received a gift from Yredelemnul (a skeletal warrior)
 25626 | Orc:2    | Found Ahop's Antique Weapon Shoppe.
 25647 | Orc:2    | Bought a scroll of identify for 20 gold pieces
 26023 | D:13     | Received a gift from Yredelemnul (a ghoul)
 26025 | D:13     | Noticed a storm dragon
 26025 | D:13     | a storm dragon changed into a queen ant
 26031 | D:13     | Noticed a quicksilver dragon
 26031 | D:13     | a dire elephant changed into a quicksilver dragon
 26033 | D:13     | Killed a quicksilver dragon
 26219 | D:13     | Reached XP level 15. HP: 98/111 MP: 23/23
 26461 | D:14     | Received a gift from Yredelemnul (a flayed ghost)
 26566 | D:14     | Found a gate to the Vaults.
 26689 | D:14     | Received a gift from Yredelemnul (a vampire knight)
 27032 | D:14     | Noticed Sonja
 27038 | D:14     | Killed Sonja
 27372 | D:14     | Received a gift from Yredelemnul (a phantasmal warrior)
 27711 | D:15     | Entered Level 15 of the Dungeon
 27763 | D:15     | Got a glittering lead ring
 27764 | D:15     | Identified the ring of Seizaerch {rPois Str+4 SInv} (You found it on level 15 of the Dungeon)
 27807 | D:15     | Identified Akemag's Handbook of Warped Augmentations
 28218 | D:15     | Found a staircase to the Depths.
 28706 | Lair:1   | Identified the ring of Upnyacob {+Fly MR+ Int+3 SInv Stlth-} (You found it on level 6 of the Lair of Beasts)
 28746 | Swamp:1  | Entered Level 1 of the Swamp
 28954 | Swamp:1  | Noticed Louise
 28976 | Swamp:1  | Killed Louise
 28978 | Swamp:1  | Received a gift from Yredelemnul (a bone dragon)
 29820 | Swamp:2  | Received a gift from Yredelemnul (a flayed ghost)
 29879 | Swamp:2  | Received a gift from Yredelemnul (a vampire)
 30482 | Swamp:3  | Received a gift from Yredelemnul (a flayed ghost)
 30592 | Swamp:3  | Got a slimy pewter ring
 30807 | Swamp:3  | Received a gift from Yredelemnul (a skeletal warrior)
 31617 | Swamp:4  | Entered Level 4 of the Swamp
 31657 | Swamp:3  | Received a gift from Yredelemnul (a vampire knight)
 32014 | Swamp:4  | Noticed a thorn hunter
 32024 | Swamp:4  | Noticed Kirke
 32028 | Swamp:4  | Killed a thorn hunter
 32028 | Swamp:4  | Reached XP level 16. HP: 59/118 MP: 13/27
 32038 | Swamp:4  | Killed Kirke
 32479 | Swamp:4  | Got a decaying rune of Zot
 32487 | Swamp:4  | Noticed Jorgrun
 32489 | Swamp:4  | Killed Jorgrun
 32622 | Swamp:4  | Reached skill level 5 in Fighting
 32868 | Lair:1   | Identified the ring of Gozaffak {rC++ rN+ Int+5 Dex-4} (You found it on level 3 of the Swamp)
 32966 | Slime:1  | Entered Level 1 of the Pits of Slime
 32973 | Slime:1  | Noticed an acid blob
 33027 | Snake:1  | Entered Level 1 of the Snake Pit
 33129 | Snake:1  | Received a gift from Yredelemnul (a skeletal warrior)
 33352 | Snake:1  | Noticed Josephine
 33359 | Snake:1  | Killed Josephine
 33629 | Snake:1  | Received a gift from Yredelemnul (a profane servitor)
 33631 | Snake:1  | Upgraded the game from 0.20-a0-266-gdedccd6 to 0.20-a0-267-g4a7ec2a
 33819 | Snake:1  | Noticed Aizul
 33844 | Snake:1  | Killed Aizul
 34213 | Snake:2  | Reached skill level 10 in Hexes
 34295 | Snake:2  | Received a gift from Yredelemnul (a profane servitor)
 34577 | Snake:2  | Noticed Agnes
 34580 | Snake:2  | Killed Agnes
 34640 | Snake:2  | Received a gift from Yredelemnul (a ghoul)
 35030 | Snake:3  | Found Itomaohi's Jewellery Emporium.
 35031 | Snake:3  | Found Derhana's Gadget Boutique.
 35032 | Snake:3  | Found Duoroz's Jewellery Emporium.
 35042 | Snake:3  | Bought a +6 ring of evasion for 1014 gold pieces
 35677 | Snake:3  | Received a gift from Yredelemnul (a phantasmal warrior)
 36039 | Snake:4  | Entered Level 4 of the Snake Pit
 36059 | Snake:4  | Received a gift from Yredelemnul (a vampire knight)
 36637 | Snake:4  | Reached XP level 17. HP: 89/132 MP: 28/28
 36692 | Snake:4  | Received a gift from Yredelemnul (a ghoul)
 36718 | Snake:4  | Received a gift from Yredelemnul (a flayed ghost)
 36805 | Snake:4  | Reached skill level 10 in Invocations
 36874 | Snake:4  | Got a serpentine rune of Zot
 37188 | Snake:3  | Received a gift from Yredelemnul (a ghoul)
 37330 | Lair:1   | Learned a level 6 spell: Deflect Missiles
 37338 | Lair:1   | Learned a level 5 spell: Fireball
 37973 | Elf:1    | Entered Level 1 of the Elven Halls
 37994 | Elf:1    | Reached skill level 1 in Air Magic
 38139 | Elf:1    | Reached skill level 1 in Fire Magic
 38140 | Elf:1    | Received a gift from Yredelemnul (a vampire)
 38615 | Elf:1    | Got a crude short sword
 38616 | Elf:1    | Identified the +8 short sword of Demonkind {pierce, MR+ Str+3} (You found it on level 1 of the Elven Halls)
 38672 | Elf:1    | Received a gift from Yredelemnul (a flayed ghost)
 38941 | Elf:2    | Found Duteut's Food Shop.
 38944 | Elf:2    | Reached skill level 15 in Unarmed Combat
 39002 | Elf:2    | Noticed Roxanne
 39016 | Elf:2    | Killed Roxanne
 39017 | Elf:2    | Identified Roxanne's Tome of Earth (You took it off Roxanne on level 2 of the Elven Halls)
 39870 | Elf:2    | Found a huge runed gate.
 39870 | Elf:2    | Found a huge runed gate.
 39870 | Elf:2    | Found a huge runed gate.
 39870 | Elf:2    | Found a huge runed gate.
 39870 | Elf:2    | Found a huge runed gate.
 39895 | Elf:2    | Received a gift from Yredelemnul (a flayed ghost)
 39899 | Elf:2    | Reached skill level 5 in Fire Magic
 39925 | Elf:2    | Noticed Asterion
 39927 | Elf:2    | Reached skill level 5 in Air Magic
 39929 | Elf:2    | Gained mutation: Your magical capacity is low. (-10% MP) [a cacodemon]
 39945 | Elf:2    | Killed Asterion
 40256 | Elf:2    | Noticed a deep elf blademaster
 40270 | Elf:2    | Killed a deep elf blademaster
 40663 | Elf:3    | Entered Level 3 of the Elven Halls
 40808 | Elf:3    | Found Zets's Magic Scroll Emporium.
 40811 | Elf:3    | Found Peda's General Store.
 40824 | Elf:3    | Received a gift from Yredelemnul (a vampire)
 40860 | Elf:3    | Reached XP level 18. HP: 136/139 MP: 26/26
 41053 | Elf:3    | Noticed an Ice Fiend
 41054 | Elf:3    | Noticed a Hell Sentinel
 41069 | Elf:3    | Shot with an arrow by a deep elf master archer

Vault maps used:
D:1:      dpeg_arrival_caged_fury
D:3:      lemuel_round_altar, first_bread, trog_butcher_becter
D:4:      wad_orctagon
D:6:      portal_sewer_entry_b, nicolae_evil_shop
D:7:      kennysheep_six_static_rooms, the_bakery, kennysheep_cluttered_room
D:8:      makhleb_grotto_becter, nicolae_gozag_seed_capital,
          kennysheep_generic_room_8
D:9:      okawaru_gym_becter, uniq_gastronok
D:10:     minmay_lair_entry_lava, serial_shops, shop,
          wad_floor_pattern_untrapped
D:11:     orc_0_dummy, serial_shops, shop, special_room
D:12:     lightli_corner_chamber
D:13:     lemuel_traditional_vault, uniq_frances
D:14:     lemuel_slime, david_vaults_1, minivault_16, uniq_sonja
D:15:     grunt_enter_depths_snipers, grunt_decor_fettered, minivault_1
Temple:   regret_index_temple_mists
Lair:1:   grunt_forest_large_clearings
Lair:2:   minmay_swamp_entry_reptiles
Lair:3:   beast_lair_carwin_large_2, guppyfry_snake_entry_island
Lair:4:   beast_lair_carwin_large_3, wad_woods_antlair
Lair:5:   slime_dummy, dpeg_oklob_1, grunt_megastairs_5, lemuel_fruit_fields
Lair:6:   grunt_lair_end_beastmaster, st_stairs_7
Swamp:1:  evilmike_swamp_ruin_house_5, swamp_pool2, infiniplex_staircase_pool,
          uniq_louise
Swamp:2:  evilmike_swamp_ruin_house_2
Swamp:3:  evilmike_swamp_ruin_house_1, swamp_pool1
Swamp:4:  swamp_alternative, uniq_kirke, uniq_jorgrun
Snake:1:  nicolae_snake_nest, st_stairs_8, uniq_aizul, uniq_josephine
Snake:2:  spider_trap, uniq_agnes
Snake:3:  basic_stair_grate_trap, minmay_shop_grove
Snake:4:  minmay_snake_end_coiled
Slime:1:  cheibrodos_slime_lost_civilization_6
Orc:1:    basic_altar, serial_shops, shop, shop_fountains, nicolae_shop_stone,
          mines4_lemuel
Orc:2:    grunt_orc_cross, basic_altar
Elf:1:    eino_elf_arrival_shootout, minmay_elf_necromancy,
          serial_sigils_hangedman_shear
Elf:2:    serial_shops, shop, minivault_8, uniq_roxanne, uniq_asterion
Elf:3:    minmay_elf_hall_dome, serial_shops, shop, nicolae_shop_statue_plus,
          shop_scrolls
Sewer:    sewer_big_baddie

Skill      XL: |  1  2  3  4  5  6  7  8  9 10 11 12 13 14 15 16 17 18 |
---------------+-------------------------------------------------------+-----
Dodging        | 3 4 5 6 7 8 |  8.6
Unarmed Combat | 4 5 6 7 9 10 11 12 14 15 | 15.2
Fighting       | 4 7 |  7.0
Evocations     | 1 2 3 5 6 7 |  7.2
Shields        | 1 4 5 8 11 13 15 | 15.1
Invocations    | 1 5 7 9 10 | 10.1
Spellcasting   | 3 5 7 |  7.8
Conjurations   | 4 5 |  5.2
Hexes          | 3 6 8 10 | 10.0
Charms         | 5 6 |  6.4
Necromancy     | 3 5 |  5.2
Throwing       | 3 |  3.1
Axes           | 1 6 8 |  8.1
Air Magic      | 6 |  6.8
Fire Magic     | 6 7 |  7.0
Stealth        | |  1.7

Action                   |  1- 3 |  4- 6 |  7- 9 | 10-12 | 13-15 | 16-18 || total
-------------------------+-------+-------+-------+-------+-------+-------++-------
Melee: Unarmed           |   143 |   223 |   321 |   725 |  1463 |   796 ||  3671
       Tailslap          |     9 |    31 |    40 |    95 |   220 |   120 ||   515
       Punch             |     3 |     4 |     1 |       |       |       ||     8
       Headbutt          |       |       |     7 |       |       |       ||     7
       Broad axe         |       |       |       |       |    19 |       ||    19
Throw: Javelin           |       |       |       |       |     3 |       ||     3
 Cast: Dazzling Spray    |       |       |       |    10 |     7 |       ||    17
       Tukima's Dance    |       |       |       |       |    26 |    12 ||    38
       Regeneration      |       |       |       |       |     3 |     1 ||     4
Invok: Animate Dead      |       |       |       |     1 |    39 |    47 ||    87
       Recall Undead Sla |       |       |       |       |     8 |     5 ||    13
       Drain Life        |       |       |       |       |       |     1 ||     1
 Abil: Breathe Steam     |       |       |    16 |    32 |    32 |    12 ||    92
Evoke: Wand              |       |     8 |     2 |    13 |    27 |     1 ||    51
  Use: Potion            |     2 |       |       |     5 |    12 |     4 ||    23
       Scroll            |     1 |    15 |     4 |    11 |    25 |     7 ||    63
 Stab: Sleeping          |     3 |     4 |     7 |     6 |     4 |     7 ||    31
       Distracted        |       |       |       |     2 |    13 |    10 ||    25
       Invisible         |       |       |       |     1 |       |       ||     1
       Paralysed         |       |       |       |       |     7 |     4 ||    11
  Eat: Chunk             |       |     7 |    16 |    14 |    11 |       ||    48
       Fruit             |       |     4 |     1 |     7 |    24 |       ||    36
       Beef jerky        |       |     1 |     3 |     2 |     3 |       ||     9
       Pizza             |       |       |     1 |     2 |     3 |       ||     6
       Royal jelly       |       |       |       |       |     1 |       ||     1
       Meat ration       |       |       |       |       |     6 |     7 ||    13
       Bread ration      |       |       |       |       |       |     3 ||     3
Armor: Skin              |    56 |    79 |   108 |   144 |   337 |   124 ||   848
Dodge: Dodged            |   111 |   138 |   201 |   521 |   928 |   397 ||  2296
Block: Buckler           |       |       |    53 |    93 |       |       ||   146
       Shield            |       |       |       |   184 |  1007 |   506 ||  1697
